TOP OF THE 1ST |
Brooklyn Cyclones batting - Pitching for State College Spikes : RHP Bob Markle
|
Pitching: RHP Bob Markle
|
|
Batting: LHB Matt Baker
|
0-0: Bunted foul 0-1: Ball 1-1: Ball 2-1: Foul Ball, location: 2F 2-2: Ground out U3 (Groundball, 3, EV 86.2 MPH)
|
Batting: LHB Elmo Dreier
|
0-0: Ball 1-0: Ball 2-0: Foul Ball, location: 2F 2-1: Ball 3-1: Base on Balls
|
Batting: RHB Sang-ton Pak
|
0-0: Grounds into double play, 4-6-3 (Groundball, 4S, EV 86.2 MPH)
|
Top of the 1st over - 0 runs, 0 hits, 0 errors, 0 left on base; Brooklyn 0 - State College 0 |
BOTTOM OF THE 1ST |
State College Spikes batting - Pitching for Brooklyn Cyclones : RHP Pat Sprague
|
Pitching: RHP Pat Sprague
|
|
Batting: RHB Nick Latulippe
|
0-0: Ball 1-0: Ball 2-0: Ball 3-0: Called Strike 3-1: Called Strike 3-2: Base on Balls
|
Batting: RHB Shou-feng Chang
|
0-0: Called Strike 0-1: Ball Nick Latulippe steals 2nd base 1-1: SINGLE (Groundball, 34D, EV 99.4 MPH) Nick Latulippe to third
|
Batting: RHB Juan Carrillo
|
0-0: Called Strike 0-1: Fielders Choice at 2nd, U6 (Groundball, 4M, EV 86.2 MPH) Nick Latulippe scores
|
Batting: LHB Ken Compton
|
0-0: Ball 1-0: Ball Juan Carrillo is caught stealing 2nd base 2-6 2-0: Fly out, F9 (Line Drive, 89M, EV 98.8 MPH)
|
Bottom of the 1st over - 1 run, 1 hit, 0 errors, 0 left on base; Brooklyn 0 - State College 1 |
TOP OF THE 2ND |
Brooklyn Cyclones batting - Pitching for State College Spikes : RHP Bob Markle
|
Batting: RHB Mike Mathews
|
0-0: Ball 1-0: Called Strike 1-1: Ground out 4-3 (Groundball, 4, EV 87.5 MPH)
|
Batting: RHB Prabhukumar Santhanakrishnan
|
0-0: Foul Ball, location: 2F 0-1: Ball 1-1: Foul Ball, location: 2F 1-2: Ground out 6-3 (Groundball, 6, EV 80.6 MPH)
|
Batting: RHB Victor Reyes
|
0-0: Ball 1-0: Ball 2-0: Called Strike 2-1: Foul Ball, location: 2F 2-2: Ball 3-2: Fly out, F8 (Flyball, 8RM, EV 86.2 MPH)
|
Top of the 2nd over - 0 runs, 0 hits, 0 errors, 0 left on base; Brooklyn 0 - State College 1 |
BOTTOM OF THE 2ND |
State College Spikes batting - Pitching for Brooklyn Cyclones : RHP Pat Sprague
|
Batting: RHB Nelson Salamanca
|
0-0: Ball 1-0: Ball 2-0: Ball 3-0: Base on Balls
|
Batting: LHB Ken Morehead
|
0-0: Ball Wild Pitch! Nelson Salamanca to second 1-0: Ball 2-0: Ball 3-0: Base on Balls
|
Batting: SHB Justin Houser
|
0-0: Called Strike 0-1: Ball 1-1: Foul Ball, location: 2F 1-2: Ball 2-2: DOUBLE (Groundball, 3L, EV 106.2 MPH) Nelson Salamanca scores Ken Morehead to third Runner from 3rd tries for Home, SAFE, no throw by RF
|
Batting: RHB Edgar Klockow
|
0-0: Ball 1-0: Fly out, F3 (Line Drive, 3L, EV 67.5 MPH)
|
Batting: RHB John James
|
0-0: Ground out 6-3 (Groundball, 6, EV 85.6 MPH)
|
Batting: RHB Nick Latulippe
|
0-0: Called Strike 0-1: Swinging Strike 0-2: Ball 1-2: Ball 2-2: Ball 3-2: 2-RUN HOME RUN (Flyball, 89XD, EV 109.4 MPH), Distance : 405 ft
|
Batting: RHB Shou-feng Chang
|
0-0: Ball 1-0: Ball 2-0: Fly out, F8 (Flyball, 8RM, EV 96.9 MPH)
|
Bottom of the 2nd over - 4 runs, 2 hits, 0 errors, 0 left on base; Brooklyn 0 - State College 5 |
TOP OF THE 3RD |
Brooklyn Cyclones batting - Pitching for State College Spikes : RHP Bob Markle
|
Batting: SHB Callum Lynch
|
0-0: Called Strike 0-1: SINGLE (Groundball, 3D, EV 108.8 MPH)
|
Batting: SHB Salvador Gomez
|
Pickoff Throw to First - Out! 1-3 CS 0-0: DOUBLE (Groundball, 3L, EV 110.0 MPH)
|
Batting: SHB Duri Chilemba
|
0-0: Swinging Strike 0-1: Called Strike 0-2: Ball 1-2: Foul Ball, location: 2F 1-2: Strikes out swinging
|
Batting: LHB Matt Baker
|
0-0: Ball 1-0: DOUBLE (Groundball, 5L, EV 101.2 MPH) Salvador Gomez scores
|
Batting: LHB Elmo Dreier
|
0-0: Foul Ball, location: 2F 0-1: Foul Ball, location: 2F 0-2: Ball 1-2: Ground out 4-3 (Groundball, 4, EV 89.4 MPH)
|
Top of the 3rd over - 1 run, 3 hits, 0 errors, 1 left on base; Brooklyn 1 - State College 5 |
BOTTOM OF THE 3RD |
State College Spikes batting - Pitching for Brooklyn Cyclones : RHP Pat Sprague
|
Batting: RHB Juan Carrillo
|
0-0: Foul Ball, location: 2F 0-1: Swinging Strike 0-2: Ball 1-2: Foul Ball, location: 2F 1-2: Ball 2-2: Strikes out swinging
|
Batting: LHB Ken Compton
|
0-0: Foul Ball, location: 2F 0-1: Called Strike 0-2: Ball 1-2: Strikes out swinging
|
Batting: RHB Nelson Salamanca
|
0-0: Called Strike 0-1: Ball 1-1: Ball 2-1: Ball 3-1: Base on Balls
|
Batting: LHB Ken Morehead
|
0-0: Ball 1-0: Called Strike 1-1: Called Strike 1-2: Ground out 4-3 (Groundball, 4, EV 85.6 MPH)
|
Bottom of the 3rd over - 0 runs, 0 hits, 0 errors, 1 left on base; Brooklyn 1 - State College 5 |
TOP OF THE 4TH |
Brooklyn Cyclones batting - Pitching for State College Spikes : RHP Bob Markle
|
Batting: RHB Sang-ton Pak
|
0-0: Ball 1-0: Called Strike 1-1: Foul Ball, location: 2F 1-2: Ground out U3 (Groundball, 3S, EV 83.8 MPH)
|
Batting: RHB Mike Mathews
|
0-0: Ball 1-0: Ground out 6-3 (Groundball, 6, EV 88.1 MPH)
|
Batting: RHB Prabhukumar Santhanakrishnan
|
0-0: Ball 1-0: Swinging Strike 1-1: Foul Ball, location: 2F 1-2: Ball 2-2: Fly out, F9 (Flyball, 89M, EV 80.0 MPH)
|
Top of the 4th over - 0 runs, 0 hits, 0 errors, 0 left on base; Brooklyn 1 - State College 5 |
BOTTOM OF THE 4TH |
State College Spikes batting - Pitching for Brooklyn Cyclones : RHP Pat Sprague
|
Batting: SHB Justin Houser
|
0-0: Ball 1-0: SINGLE (Groundball, 56D, EV 94.4 MPH)
|
Pitching: RHP Jason Jones
|
|
Batting: RHB Edgar Klockow
|
0-0: Foul Ball, location: 2F 0-1: Ball 1-1: Swinging Strike 1-2: Foul Ball, location: 2F 1-2: Strikes out swinging
|
Batting: RHB John James
|
0-0: SINGLE (Groundball, 56D, EV 103.1 MPH) Justin Houser to second
|
Batting: RHB Nick Latulippe
|
0-0: SINGLE (Groundball, 56D, EV 99.4 MPH) Justin Houser to third John James to second Runner from 3rd tries for Home, SAFE, throw by LF to home
|
Batting: RHB Shou-feng Chang
|
0-0: Called Strike 0-1: Ball 1-1: Swinging Strike 1-2: Ball 2-2: Strikes out looking
|
Batting: RHB Juan Carrillo
|
0-0: Ball 1-0: Foul Ball, location: 2F 1-1: Fly out, F3 (Popup, 3F, EV 61.2 MPH)
|
Bottom of the 4th over - 1 run, 3 hits, 0 errors, 2 left on base; Brooklyn 1 - State College 6 |
TOP OF THE 5TH |
Brooklyn Cyclones batting - Pitching for State College Spikes : RHP Bob Markle
|
Batting: RHB Victor Reyes
|
0-0: Foul Ball, location: 2F 0-1: Ball 1-1: Ball 2-1: Foul Ball, location: 2F 2-2: Ball 3-2: SINGLE (Line Drive, 56D, EV 100.6 MPH)
|
Batting: SHB Callum Lynch
|
0-0: Swinging Strike 0-1: Swinging Strike 0-2: Ball 1-2: Strikes out swinging
|
Batting: SHB Salvador Gomez
|
0-0: Ball Victor Reyes is caught stealing 2nd base 2-6 1-0: Ball 2-0: Foul Ball, location: 2F 2-1: Fly out, F6 (Popup, 6MS, EV 76.2 MPH)
|
Top of the 5th over - 0 runs, 1 hit, 0 errors, 0 left on base; Brooklyn 1 - State College 6 |
BOTTOM OF THE 5TH |
State College Spikes batting - Pitching for Brooklyn Cyclones : RHP Jason Jones
|
Batting: LHB Ken Compton
|
0-0: Called Strike 0-1: Ball 1-1: Ground out U3 (Groundball, 3, EV 88.1 MPH)
|
Batting: RHB Nelson Salamanca
|
0-0: Ball 1-0: Called Strike 1-1: Ball 2-1: Ball 3-1: Fly out, F8 (Flyball, 8RM, EV 92.5 MPH)
|
Batting: LHB Ken Morehead
|
0-0: Ball 1-0: Called Strike 1-1: Ball 2-1: Foul Ball, location: 2F 2-2: Foul Ball, location: 2F 2-2: Ball 3-2: Ground out 4-3 (Groundball, 4M, EV 106.2 MPH)
|
Bottom of the 5th over - 0 runs, 0 hits, 0 errors, 0 left on base; Brooklyn 1 - State College 6 |
TOP OF THE 6TH |
Brooklyn Cyclones batting - Pitching for State College Spikes : RHP Bob Markle
|
Batting: SHB Duri Chilemba
|
0-0: Ball 1-0: Ball 2-0: Called Strike 2-1: Ball 3-1: DOUBLE (Flyball, 8RD, EV 90.0 MPH)
|
Batting: LHB Matt Baker
|
0-0: Ground out 4-3 (Groundball, 4, EV 86.9 MPH) Duri Chilemba to third
|
Batting: LHB Elmo Dreier
|
0-0: Ground out 1-3 (Groundball, 15S, EV 61.9 MPH)
|
Batting: RHB Sang-ton Pak
|
0-0: Ball 1-0: Called Strike 1-1: Swinging Strike 1-2: Ball 2-2: Ball 3-2: Strikes out swinging
|
Top of the 6th over - 0 runs, 1 hit, 0 errors, 1 left on base; Brooklyn 1 - State College 6 |
BOTTOM OF THE 6TH |
State College Spikes batting - Pitching for Brooklyn Cyclones : RHP Jason Jones
|
Batting: SHB Justin Houser
|
0-0: Called Strike 0-1: Swinging Strike 0-2: Ball 1-2: Foul Ball, location: 2F 1-2: Ball 2-2: Fly out, F8 (Flyball, 8RD, EV 84.4 MPH)
|
Batting: RHB Edgar Klockow
|
0-0: DOUBLE (Line Drive, 89XD, EV 100.6 MPH)
|
Batting: RHB John James
|
0-0: Swinging Strike 0-1: Foul Ball, location: 2F 0-2: Ball 1-2: Strikes out swinging
|
Batting: RHB Nick Latulippe
|
0-0: Called Strike 0-1: Foul Ball, location: 2F 0-2: Ball 1-2: Ball 2-2: Ball 3-2: Strikes out swinging
|
Bottom of the 6th over - 0 runs, 1 hit, 0 errors, 1 left on base; Brooklyn 1 - State College 6 |
TOP OF THE 7TH |
Brooklyn Cyclones batting - Pitching for State College Spikes : RHP Bob Markle
|
Batting: RHB Mike Mathews
|
0-0: Ball 1-0: Called Strike 1-1: Foul Ball, location: 2F 1-2: Strikes out swinging
|
Pitching: LHP Tom White
|
|
Batting: RHB Prabhukumar Santhanakrishnan
|
0-0: Foul Ball, location: 2F 0-1: Ball 1-1: Foul Ball, location: 2F 1-2: Strikes out swinging
|
Batting: RHB Victor Reyes
|
0-0: Ball 1-0: SINGLE (Line Drive, 6MD, EV 101.2 MPH)
|
Batting: SHB Callum Lynch
|
0-0: Ball 1-0: Ball 2-0: Ball 3-0: Called Strike 3-1: Called Strike 3-2: Ground out 5-3 (Groundball, 56, EV 90.0 MPH)
|
Top of the 7th over - 0 runs, 1 hit, 0 errors, 1 left on base; Brooklyn 1 - State College 6 |
BOTTOM OF THE 7TH |
State College Spikes batting - Pitching for Brooklyn Cyclones : RHP Jason Jones
|
Batting: RHB Shou-feng Chang
|
0-0: Ball 1-0: Foul Ball, location: 2F 1-1: Foul Ball, location: 2F 1-2: Strikes out swinging
|
Batting: RHB Juan Carrillo
|
0-0: Ball 1-0: Foul Ball, location: 2F 1-1: Ball 2-1: Ball 3-1: Base on Balls
|
Pitching: LHP Dan Clausing
|
|
Batting: LHB Ken Compton
|
0-0: Ball Juan Carrillo steals 2nd base 1-0: Called Strike 1-1: Called Strike 1-2: Ball 2-2: Strikes out swinging
|
Batting: RHB Nelson Salamanca
|
0-0: Fly out, F9 (Flyball, 89M, EV 92.5 MPH)
|
Bottom of the 7th over - 0 runs, 0 hits, 0 errors, 1 left on base; Brooklyn 1 - State College 6 |
TOP OF THE 8TH |
Brooklyn Cyclones batting - Pitching for State College Spikes : LHP Tom White
|
Batting: SHB Salvador Gomez
|
0-0: Called Strike 0-1: Ball 1-1: Ball 2-1: Ball 3-1: Foul Ball, location: 2F 3-2: Strikes out swinging
|
Pinch Hitting: RHB Bill Crogan
|
0-0: Ball 1-0: Called Strike 1-1: Ball 2-1: Foul Ball, location: 2F 2-2: Ball 3-2: Base on Balls
|
Pitching: LHP Mark Challinor
|
|
Batting: LHB Matt Baker
|
0-0: Called Strike 0-1: Called Strike 0-2: Ball 1-2: Fly out, F8 (Line Drive, 8LD, EV 95.6 MPH)
|
Batting: LHB Elmo Dreier
|
0-0: Ball 1-0: Foul Ball, location: 2F 1-1: Ball 2-1: SINGLE (Flyball, 78S, EV 94.4 MPH) Bill Crogan to second Runner from 2nd tries for 3rd, OUT! 7-5
|
Top of the 8th over - 0 runs, 1 hit, 0 errors, 1 left on base; Brooklyn 1 - State College 6 |
BOTTOM OF THE 8TH |
State College Spikes batting - Pitching for Brooklyn Cyclones : LHP Dan Clausing
|
Now at 3B: Callum Lynch
|
|
Now in LF: Matt Baker
|
|
Now in RF: Bill Crogan
|
|
Batting: LHB Ken Morehead
|
0-0: Ball 1-0: Ball 2-0: Called Strike 2-1: Foul Ball, location: 2F 2-2: Ball 3-2: Strikes out swinging
|
Batting: SHB Justin Houser
|
0-0: Foul Ball, location: 2F 0-1: Foul Ball, location: 2F 0-2: Ball 1-2: Strikes out swinging
|
Batting: RHB Edgar Klockow
|
0-0: Called Strike 0-1: Ball 1-1: Ball 2-1: Foul Ball, location: 2F 2-2: Strikes out looking
|
Bottom of the 8th over - 0 runs, 0 hits, 0 errors, 0 left on base; Brooklyn 1 - State College 6 |
TOP OF THE 9TH |
Brooklyn Cyclones batting - Pitching for State College Spikes : LHP Mark Challinor
|
Batting: RHB Sang-ton Pak
|
0-0: Ball 1-0: Foul Ball, location: 2F 1-1: Ball 2-1: Ball 3-1: DOUBLE (Flyball, 78D, EV 88.8 MPH)
|
Batting: RHB Mike Mathews
|
0-0: Foul Ball, location: 2F 0-1: Ball 1-1: Foul Ball, location: 2F 1-2: Ball 2-2: Strikes out swinging
|
Batting: RHB Prabhukumar Santhanakrishnan
|
0-0: Called Strike 0-1: Ground out 4-3 (Groundball, 34, EV 85.6 MPH) Sang-ton Pak to third
|
Batting: RHB Victor Reyes
|
0-0: Called Strike 0-1: Foul Ball, location: 2F 0-2: Ball 1-2: Ball 2-2: Ball 3-2: Strikes out looking
|
Top of the 9th over - 0 runs, 1 hit, 0 errors, 1 left on base; Brooklyn 1 - State College 6 |
|